 Dungeon Crawl Stone Soup version 0.27.0-1-g7a089689b8 (webtiles) character file.

Game seed: 5595631151482208828

3 sanka the Conjurer (level 1, -1/14 HPs)
             Began as a Ghoul Conjurer on Aug 8, 2021.
             Slain by a jackal (2 damage)
             ... on level 1 of the Dungeon.
             The game lasted 00:00:19 (121 turns).

sanka the Conjurer (Ghoul Conjurer)                  Turns: 121, Time: 00:00:20

Health: -1/14      AC:  2    Str: 10    XL:     1   Next: 50%
Magic:  0/2        EV: 11    Int: 13    God:
Gold:   0          SH:  0    Dex:  7    Spells: 3/4 levels left

rFire    . . .     SeeInvis .   (no weapon)
rCold    + . .     Faith    .   (no shield)
rNeg     + + +     Spirit   .   a - +0 robe
rPois    ∞         Reflect  .   (no helmet)
rElec    .         Harm     .   (no cloak)
rCorr    .         Rampage  .   (no gloves)
Will     .....                  (no boots)
Stlth    ++........             (no amulet)
HPRegen  0.00/turn              (no ring)
MPRegen  0.08/turn              (no ring)

@: inhibited regen
A: claws 1, cold resistance 1, negative energy resistance 3, inhibited
regeneration, torment resistance 2
a: no special abilities


You were on level 1 of the Dungeon.
You visited 1 branch of the dungeon, and saw 1 of its levels.


Innate Abilities, Weirdness & Mutations

You thrive by killing the living.
You are immune to poison.
You have sharp fingernails.
Your flesh is cold resistant. (rC+)
You are immune to negative energy. (rN+++)
You do not regenerate when monsters are visible.
You are immune to unholy pain and torment.


   Skills:
 - Level 1.7 Dodging
 - Level 2.1 Stealth
 - Level 2.0 Spellcasting
 + Level 3.3 Conjurations


You had 3 spell levels left.
You knew the following spells:

 Your Spells              Type           Power      Damage    Failure   Level
z - Magic Dart            Conj           36%        1d4       7%          1

Your spell library contained the following spells:

 Spells                   Type           Power      Damage    Failure   Level
 Searing Ray              Conj           18%        3d3       10%         2
 Dazzling Flash           Conj/Hex       10%        N/A       36%         3
 Fulminant Prism          Conj/Hex       2%         3d6       78%         4
 Iskenderun's Mystic Bla  Conj/Tloc      5%         2d3       78%         4

Inventory:

Armour
 a - a +0 robe (worn)
Scrolls
 b - a scroll of acquirement {unknown}

Dungeon Overview and Level Annotations

Branches:
Dungeon (1/15)

Altars:

..............▒.......
▒.........)...▒.......
.........††...g.g.....
▒.......▒▒▒▒▒▒......
▒..........▒ ......
▒▒▒▒▒▒▒▒▒▒..▒▒.▒ ......
▒▒≈≈≈≈≈≈≈≈.8.▒..▒▒▒▒.♣.♣▒
▒≈≈.....hg≈.▒▒'▒▒▒.▒.....
▒≈..≈≈≈.ng≈.▒...▒▒.▒▒♣▒♣▒
▒..≈≈≈≈≈..≈.▒...▒▒.▒
▒.≈≈...≈≈.≈.+...▒▒.▒
+.≈..≈<≈..≈.+......▒
+.≈.≈≈...≈≈.▒...▒▒▒▒
▒.≈..≈≈≈≈≈..▒...▒
▒.≈≈..≈≈≈..≈▒...▒
▒.≈≈≈.....≈≈▒...▒
..8.≈≈≈≈≈≈≈≈▒▒...▒


You could see a jackal, a hobgoblin and a goblin.


Message History

Training target 2.0 for Spellcasting reached!
Your Spellcasting skill increases to level 2!
You need to enable at least one skill for training.
Unknown command.
Unknown command.
You barely miss the jackal. The jackal barely misses you.
Unknown command.
You closely miss the jackal. The jackal bites you. The hobgoblin hits you.
The goblin hits you with a +0 dagger.
* * * LOW HITPOINT WARNING * * *
Unknown command.
You barely miss the jackal.
The jackal bites you but does no damage.
The hobgoblin hits you.
* * * LOW HITPOINT WARNING * * *
The jackal bites you.
* * * LOW HITPOINT WARNING * * *
The goblin barely misses you.
You barely miss the jackal. The jackal closely misses you.
The hobgoblin closely misses you. The goblin hits you with a +0 dagger.
* * * LOW HITPOINT WARNING * * *
Unknown command.
You closely miss the jackal. The jackal bites you.
You die...

Action                   || total
-------------------------++-------
Melee: Unarmed           ||    18
 Cast: Magic Dart        ||     5
Armor: Robe              ||     5
Dodge: Dodged            ||    15

Levels and vault maps discovered:
D:1:      psy_arrival_whirlpool, layout_basic, serial_forest,
          infiniplex_forest_end_2, infiniplex_forest_lined_corner,
          infiniplex_forest_lined_room_3, infiniplex_forest_clump_curved,
          infiniplex_forest_lined_corner, infiniplex_forest_lined_3,
          chequers_serial_rivers_room_a

Notes
Turn   | Place    | Note
-------+----------+-------------------------------------------
     0 | D:1      | sanka the Ghoul Conjurer began the quest for the Orb.
     0 | D:1      | Reached XP level 1. HP: 14/14 MP: 2/2
   117 | D:1      | Reached skill level 2 in Spellcasting
   120 | D:1      | HP: 1/14 [goblin (1)]
   121 | D:1      | Slain by a jackal

Vanquished Creatures
  A jackal (D:1)
  2 frilled lizards (D:1)
  A rat (D:1)
4 creatures vanquished.
